 Dungeon Crawl Stone Soup version 0.27-a0-1528-g90fbb72469 (webtiles) character file.

Game seed: 7232643003989208659

601 Conn the Digger (level 7, 0/43 HPs)
             Began as an Octopode Earth Elementalist on July 11, 2021.
             Killed by divine providence
             ... invoked by an orc priest
              (13 damage)
             ... on level 5 of the Dungeon.
             The game lasted 00:09:05 (4734 turns).

Conn the Digger (Octopode Earth Elementalist)       Turns: 4734, Time: 00:09:06

Health: 0/43       AC:  1    Str:  7    XL:     7   Next: 41%
Magic:  2/12       EV: 13    Int: 20    God:
Gold:   228        SH:  0    Dex: 12    Spells: 7/13 levels left

rFire    . . .     SeeInvis .   l - +1 dagger (freeze)
rCold    . . .     Faith    .   (no shield)
rNeg     + . .     Spirit   .   (helmet restricted)
rPois    .         Reflect  .   (no amulet)
rElec    .         Harm     .   d - ring of positive energy
rCorr    .         Rampage  .   (no ring)
Will     .....                  (no ring)
Stlth    ++++......             (no ring)
HPRegen  0.14/turn              (no ring)
MPRegen  0.13/turn              (no ring)
                                (no ring)
                                (no ring)

@: no status effects
A: almost no armour, amphibious, 8 rings, camouflage 1, gelatinous body 1,
(nimble swimmer 1), tentacles
a: no special abilities


You were on level 5 of the Dungeon.
You visited 1 branch of the dungeon, and saw 5 of its levels.

You collected 267 gold pieces.
You spent 39 gold pieces at shops.

Inventory:

Hand Weapons
 a - a +2 dagger of venom
 l - a +1 dagger of freezing (weapon)
Missiles
 b - 45 stones
 c - 23 poisoned darts
 f - 19 sling bullets
Jewellery
 d - a ring of positive energy (left tentacle)
Scrolls
 e - a scroll of enchant armour
 g - a scroll of noise {unknown}
 h - a scroll of teleportation
 i - a scroll of holy word
 j - a scroll of fear {unknown}
 k - a scroll of vulnerability {unknown}
 n - a scroll of amnesia {unknown}
 o - a scroll of torment {unknown}
Potions
 m - 2 potions of berserk rage {unknown}


   Skills:
 + Level 1.2 Fighting
 + Level 1.8 Short Blades
 + Level 2.8 Dodging
 + Level 4.4 Stealth
 + Level 3.5 Spellcasting
 * Level 2.5 Conjurations
 + Level 1.0 Transmutations
 * Level 5.5 Earth Magic


You had 7 spell levels left.
You knew the following spells:

 Your Spells              Type           Power      Damage    Failure   Level
a - Sandblast             Erth           50%        2d12      1%          1
b - Passwall              Tmut/Erth      13%        N/A       5%          2
c - Stone Arrow           Conj/Erth      38%        3d9       8%          3

Your spell library contained the following spells:

 Spells                   Type           Power      Damage    Failure   Level
 Beastly Appendage        Tmut           14%        N/A       9%          1
 Wereblood                Tmut           7%         N/A       14%         2
 Spider Form              Tmut/Pois      2%         N/A       32%         3
 Petrify                  Tmut/Erth      16%        N/A       34%         4


Dungeon Overview and Level Annotations

Branches:
Dungeon (5/15)
 Temple: D:4-7

Altars:

Shops:
D:1 ?


Innate Abilities, Weirdness & Mutations

You cannot wear most types of armour.
You are amphibious.
You can wear up to eight rings at the same time.
Your skin changes colour to match your surroundings (Stealth+).
Your rubbery body absorbs attacks. (AC +1, EV +1)
((You are camouflaged near water. (Stealth+)))
You have tentacles for arms and can constrict up to eight enemies at once.


Message History

You kill the scorpion!
You hit the orc but do no damage. You grab the orc.
You constrict the orc, but do no damage.
The orc hits you with a +0 flail!
You hit the orc but do no damage. You constrict the orc. The orc misses you.
You hit the orc. You freeze the orc.
The orc is heavily wounded.
You constrict the orc, but do no damage.
The orc struggles to escape constriction.
You hit the orc but do no damage.
The orc is moderately wounded.
You constrict the orc, but do no damage.
The orc escapes!
You hit the orc. You freeze the orc.
You kill the orc!
You closely miss the orc priest. You grab the orc priest.
You constrict the orc priest. The orc priest hits you with a +0 whip.
You hit the orc priest but do no damage.
The orc priest is lightly wounded.
You constrict the orc priest, but do no damage.
The orc priest barely misses you.
You barely miss the orc priest.
The orc priest is lightly wounded.
You constrict the orc priest. The orc priest hits you with a +0 whip.
You hit the orc priest but do no damage.
The orc priest is lightly wounded.
You constrict the orc priest, but do no damage.
The orc priest closely misses you.
You hit the orc priest. You freeze the orc priest. You squeeze the orc priest.
The orc priest is heavily wounded.
You constrict the orc priest.
You hit the orc priest but do no damage.
The orc priest is heavily wounded.
You constrict the orc priest. The orc priest hits you with a +0 whip!
You hit the orc priest but do no damage.
The orc priest is severely wounded.
You constrict the orc priest, but do no damage.
The orc priest calls down the wrath of Beogh upon you.
Beogh smites you!
You die...

.........##..#
###########..# .#
#..# #.##
############..#
#...
..........##.[# .).
########......# ).
########..##.## .#
..........#...###o#
.########.#.#...@)#
#.#...##### #.#####
#.# ... #.# .#


You could see an orc priest.

Vanquished Creatures
  An ogre (D:4)
  A necrophage (D:4)
  2 scorpions
  A hound (D:4)
  2 orc priests
  2 centaur skeletons (D:4)
  Jessica (D:2)
  3 adders (D:4)
  A white imp (D:5)
  An adder skeleton (D:4)
  4 dart slugs
  7 orcs
  10 ball pythons
  8 endoplasms
  4 giant cockroaches
  9 goblins
  3 hobgoblins
  10 jackals
  5 quokkas
  A ball python zombie (D:3)
  5 bats
  2 frilled lizards (D:1)
  4 kobolds
  2 rats
89 creatures vanquished.

Vanquished Creatures (others)
  4 plants (D:1)
4 creatures vanquished.

Grand Total: 93 creatures vanquished

Notes
Turn   | Place    | Note
-------+----------+-------------------------------------------
     0 | D:1      | Conn the Octopode Earth Elementalist began the quest for
                  | the Orb.
     0 | D:1      | Reached XP level 1. HP: 11/11 MP: 3/3
   216 | D:1      | Reached XP level 2. HP: 17/17 MP: 3/5
   782 | D:1      | Found Zoupew's Magic Scroll Emporium.
   791 | D:1      | Reached XP level 3. HP: 21/21 MP: 4/6
   794 | D:1      | Learned a level 2 spell: Passwall
   798 | D:1      | Learned a level 3 spell: Stone Arrow
   798 | D:1      | Bought a scroll of teleportation for 39 gold pieces
   925 | D:1      | Found a faded altar of an unknown god.
  1176 | D:2      | Noticed Jessica
  1184 | D:2      | Killed Jessica
  1185 | D:2      | Reached skill level 4 in Earth Magic
  1185 | D:2      | Reached XP level 4. HP: 20/27 MP: 7/7
  2761 | D:3      | Reached skill level 1 in Conjurations
  3237 | D:4      | Noticed a scorpion
  3240 | D:4      | Killed a scorpion
  3241 | D:4      | Reached skill level 1 in Short Blades
  3241 | D:4      | Reached XP level 5. HP: 31/31 MP: 5/9
  3597 | D:4      | Reached XP level 6. HP: 28/37 MP: 10/10
  4053 | D:4      | Noticed a necrophage
  4058 | D:4      | Killed a necrophage
  4059 | D:4      | Reached skill level 5 in Earth Magic
  4430 | D:4      | Reached skill level 1 in Fighting
  4430 | D:4      | Reached XP level 7. HP: 43/43 MP: 6/12
  4585 | D:5      | Entered Level 5 of the Dungeon
  4734 | D:5      | Killed from afar by an orc priest

Illustrated notes

Levels and vault maps discovered:
D:1:      lightli_arrival_maybe_door_vault, layout_rooms, serial_forest,
          infiniplex_forest_lined_2, infiniplex_forest_lined_room_2,
          infiniplex_forest_lined_3, infiniplex_forest_straight_2,
          infiniplex_forest_clump_double, infiniplex_forest_lined_4_way,
          infiniplex_forest_clump_large, infiniplex_forest_lined_2,
          infiniplex_forest_lined_4_way, infiniplex_forest_straight_2,
          serial_shops, nicolae_shop_stone,
          shapermc_ecumenical_altar_starsandcircs
D:2:      layout_basic, uniq_jessica
D:3:      layout_loops_corners, serial_bayou_pond_b, nrook_loot_triangle,
          lemuel_old_faithful
D:4:      layout_gridville, minmay_surrounded
D:5:      layout_loops_ring, nicolae_ossuary_entry_catacombs, uniq_eustachio

Skill      XL: |  1  2  3  4  5  6 |
---------------+-------------------+-----
Stealth        | 3 4 |  4.4
Earth Magic    | 4 5 |  5.5
Conjurations   | 1 2 |  2.5
Short Blades   | 1 |  1.8
Spellcasting   | 3 |  3.5
Fighting       | 1 |  1.2
Dodging        | |  2.8
Transmutations | |  1.0

Action                   |  1- 3 |  4- 6 |  7- 9 || total
-------------------------+-------+-------+-------++-------
Melee: Unarmed           |     4 |       |       ||     4
       Constrict         |    11 |    15 |     3 ||    29
       Dagger            |    29 |    87 |    15 ||   131
       Tentacles         |     7 |    13 |     3 ||    23
 Cast: Sandblast         |    15 |    26 |     9 ||    50
       Stone Arrow       |       |     5 |     3 ||     8
  Use: Scroll            |       |     3 |       ||     3
       Potion            |       |     1 |       ||     1
 Stab: Sleeping          |     3 |    11 |       ||    14
Armor: Skin              |     3 |     6 |       ||     9
Dodge: Dodged            |    27 |    66 |     7 ||   100

Table legend: (Time is in decaauts)
 A = Elapsed time spent in this place.
 B = Non-inter-level travel time spent in this place.
 C = Inter-level travel time spent in this place.
 D = Time resting spent in this place.
 E = Time spent auto-exploring this place.
 F = Levels seen in this place.
 G = Mean time per level.
                   A        B        C        D        E       F      G
               +--------+--------+--------+--------+--------+-----+--------+
         Total |   4727 |   4677 |     50 |    252 |   3677 |   5 |  945.4 |
       Dungeon |   4727 |   4677 |     50 |    252 |   3677 |   5 |  945.4 |
               +--------+--------+--------+--------+--------+-----+--------+

Top non-repeatable levels by time:
     D:4: 1520 daAuts
     D:1: 1161 daAuts
     D:2: 961 daAuts
     D:3: 937 daAuts
     D:5: 147 daAuts
